 Dungeon Crawl Stone Soup version 0.14-a0-2091-gca92d1a (webtiles) character file.

734 Kae the Ruinous (level 6, -5/32 HPs)
             Began as a Tengu Fire Elementalist on Jan 25, 2014.
             Killed from afar by Kae's ghost (12 damage)
             ... with a flame
             ... on Level 5 of the Dungeon.
             The game lasted 00:05:19 (4152 turns).

Kae the Ruinous (Tengu Fire Elementalist)           Turns: 4152, Time: 00:05:19

HP  -5/32        AC  4     Str  8      XL: 6   Next: 66%
MP   5/15        EV 12     Int 18      God:
Gold 373         SH  0     Dex 14      Spells:  4 memorised,  1 level left

rFire  . . .     SeeInvis .     E - staff of wizardry
rCold  . . .     Clarity  .     g - +0 elf robe {MR+}
rNeg   . . .     Conserve .     (no shield)
rPois  .         rCorr    .     (helmet restricted)
rElec  .         rRot     .     (no cloak)
SustAb . .       Spirit   .     (no gloves)
rMut   .         Warding  .     (boots unavailable)
Saprov . . .     Stasis   .     (no amulet)
MR     +....                    j - +2 ring of protection
                                A - ring of regeneration

@: somewhat resistant to hostile enchantments, fairly stealthy
A: able to fly, beak, talons 3
a: Fly


You were on level 5 of the Dungeon.
You were not hungry.

You visited 1 branch of the dungeon, and saw 5 of its levels.

You collected 373 gold pieces.

Inventory:

Hand weapons
 d - a +0,+0 dagger
 h - a +2,+1 whip of draining
Armour
 a - a +0 robe
 g - a +0 elven robe of magic resistance (worn)
Comestibles
 c - 4 bread rations
 m - 14 grapes
 q - 2 meat rations
 r - a honeycomb
 s - a choko
 t - an apple
 D - a pear
 G - a rotting chunk of iguana flesh
Scrolls
 e - a scroll of curse armour
 i - a scroll of enchant weapon I
 l - 3 scrolls of remove curse
 u - a scroll of teleportation
 x - a scroll of identify
 y - a scroll of blinking {unknown}
Jewellery
 j - a +2 ring of protection (right hand)
 A - a ring of regeneration (left hand)
Potions
 f - 4 potions of curing
 k - 2 potions of flight
 n - a potion of heal wounds
 o - 2 potions of might {unknown}
 p - a potion of poison {unknown}
 z - a potion of mutation
 B - 2 potions of invisibility {unknown}
 C - a potion of paralysis {unknown}
 F - a potion of cure mutation {unknown}
Books
 b - a book of Flames

   Spells                             Type                      Level
   *Flame Tongue                      Conjuration/Fire             1
   *Throw Flame                       Conjuration/Fire             2
   *Conjure Flame                     Conjuration/Fire             3
   Inner Flame                        Hexes/Fire                   3
   *Sticky Flame                      Conjuration/Fire             4
   Fireball                           Conjuration/Fire             5
Magical staves
 E - an uncursed staff of wizardry (weapon)


   Skills:
 - Level 2.1 Dodging
 - Level 2.0 Stealth
 + Level 3.0 Spellcasting
 * Level 5.9 Conjurations
 * Level 5.4 Fire Magic


You had one spell level left.
You knew the following spells:

 Your Spells              Type           Power        Failure   Level  Hunger
a - Flame Tongue          Conj/Fire      ###..        1%          1    None
b - Throw Flame           Conj/Fire      ###...       1%          2    ##.....
c - Conjure Flame         Conj/Fire      ###.....     1%          3    ###....
d - Sticky Flame          Conj/Fire      ###.....     6%          4    ####...


Dungeon Overview and Level Annotations

Branches:
Dungeon (5/16)
 Temple: D:4-7

Altars:
Makhleb

Annotations:
D:5 exclusion: centaur, Kae's ghost, average TeFE


Innate Abilities, Weirdness & Mutations

You can fly.
You have a beak for a mouth.
You have claws for feet.


Message History

Kae's ghost casts a spell at you. The puff of flame hits you!
* * * LOW HITPOINT WARNING * * *
Casting: Flame Tongue
Confirm with . or Enter, or press ? or * to list all spells.
Aiming: Flame Tongue
Press: ? - help, Shift-Dir - straight line, f/p - Kae's ghost
Aim: Kae's ghost (heavily damaged)
The flame hits Kae's ghost.
Kae's ghost appears unharmed.
Kae's ghost is heavily damaged.
Casting: Flame Tongue
Confirm with . or Enter, or press ? or * to list all spells.
Aiming: Flame Tongue
Press: ? - help, Shift-Dir - straight line, f/p - Kae's ghost
Aim: Kae's ghost (heavily damaged)
The flame hits Kae's ghost.
Kae's ghost resists.
Kae's ghost is heavily damaged.
Kae's ghost lets out a tongue of flame.
The flame hits you!
You die...

#.##...#####......
#.##..........#...
#.##..#####...#...
#.##..# #...#...
#.##..# #...#...
#.##..# #.(.#...
#.##..# #...#...
#.##..# *,..#..,
#@##..# *,,,*,,,
#ยง##..# *,,,* ,,
#p##..# *,.,,,,,
#.....#####...,,,,
#.....p.......*...
#.....(.......*,..
#.###.........#,..
#.# #.........#,b.
#.# #.........#,,.


You could see Kae's ghost.

Vanquished Creatures
  An ice beast (D:5)
  A giant frog zombie (D:3)
  An iguana (D:5)
  A worker ant (D:4)
  2 gnolls (D:5)
  5 adders
  A giant mite (D:1)
  A giant eyeball (D:5)
  A giant gecko (D:3)
  15 orcs
  A ball python (D:3)
  14 goblins
  15 hobgoblins
  15 kobolds
  4 oozes
  7 bats
  3 giant cockroaches
  4 giant newts
  7 jackals (D:2)
  A quokka (D:5)
  A quokka zombie (D:5)
  6 rats
107 creatures vanquished.

Notes
Turn   | Place    | Note
--------------------------------------------------------------
     0 | D:1      | Kae, the Tengu Fire Elementalist, began the quest for the Orb.
     0 | D:1      | Reached XP level 1. HP: 10/10 MP: 3/3
     7 | D:1      | Reached XP level 2. HP: 15/15 MP: 0/5
   580 | D:1      | Reached XP level 3. HP: 11/19 MP: 7/7
  1158 | D:2      | Reached skill level 4 in Fire Magic
  1158 | D:2      | Reached XP level 4. HP: 20/24 MP: 4/8
  1620 | D:2      | HP: 1/24 [poisoned by an adder]
  2272 | D:3      | Reached XP level 5. HP: 9/28 MP: 7/11
  2533 | D:3      | Found a burning altar of Makhleb.
  2903 | D:4      | Reached skill level 5 in Conjurations
  3445 | D:5      | Entered Level 5 of the Dungeon
  3780 | D:5      | Reached skill level 5 in Fire Magic
  3780 | D:5      | Reached XP level 6. HP: 20/32 MP: 9/13
  3860 | D:5      | Paralysed by a giant eyeball for 4 turns
  3959 | D:5      | Noticed an ice beast
  3964 | D:5      | Killed an ice beast
  3986 | D:5      | Noticed a centaur
  4111 | D:5      | Noticed Kae's ghost (average TeFE)
  4118 | D:5      | Learned a level 2 spell: Throw Flame
  4122 | D:5      | Learned a level 3 spell: Conjure Flame
  4127 | D:5      | Learned a level 4 spell: Sticky Flame
  4152 | D:5      | Killed from afar by Kae's ghost

Action                   |  1- 3 |  4- 6 || total
-------------------------+-------+-------++-------
Melee: Unarmed           |    13 |       ||    13
       Whip              |    53 |    53 ||   106
       Dagger            |     2 |       ||     2
       Staff             |       |    28 ||    28
 Cast: Flame Tongue      |     6 |   122 ||   128
       Conjure Flame     |       |     1 ||     1
       Throw Flame       |       |     1 ||     1
  Use: Potion            |       |     1 ||     1
       Scroll            |       |    14 ||    14
 Stab: Sleeping          |     2 |     2 ||     4
